 Dungeon Crawl Stone Soup version 0.27.0-1-g7a089689b8 (webtiles) character file.

Game seed: 17578952592170619310

390 nicksoapdish the Chopper (level 6, -1/47 HPs)
             Began as a Demonspawn Gladiator on Aug 5, 2021.
             Slain by an orc warrior (9 damage)
             ... on level 5 of the Dungeon.
             The game lasted 00:10:44 (4865 turns).

nicksoapdish the Chopper (Demonspawn Gladiator)     Turns: 4865, Time: 00:10:44

Health: -1/47      AC:  9    Str: 17    XL:     6   Next: 50%
Magic:  6/6        EV: 11    Int:  9    God:
Gold:   118        SH:  0    Dex: 14    Spells: 5/5 levels left

rFire    . . .     SeeInvis .   a - +0 war axe
rCold    . . .     Faith    .   (no shield)
rNeg     . . .     Spirit   .   p - +0 ring mail
rPois    .         Reflect  .   c - +0 helmet
rElec    .         Harm     .   q - +0 cloak
rCorr    .         Rampage  .   (no gloves)
Will     .....                  (no boots)
Stlth    +.........             (no amulet)
HPRegen  0.15/turn              (no ring)
MPRegen  0.20/turn              (no ring)

@: no status effects
A: slimy green scales 1, magic regeneration, demonic magic 1
a: no special abilities


You were on level 5 of the Dungeon.
You visited 1 branch of the dungeon, and saw 5 of its levels.

You collected 118 gold pieces.

Inventory:

Hand Weapons
 a - a +0 war axe (weapon)
Missiles
 d - 3 throwing nets
 i - 3 atropa-tipped darts (quivered)
 n - 17 poisoned darts
Armour
 b - a +0 leather armour
 c - a +0 helmet (worn)
 p - a +0 ring mail (worn)
 q - a +0 cloak (worn)
Wands
 g - a wand of flame (10)
Scrolls
 j - a scroll of noise {unknown}
 l - a scroll of fear {unknown}
 o - a scroll of vulnerability {unknown}
 s - a scroll of brand weapon {unknown}
 t - a scroll of identify
Potions
 e - a potion of mutation
 f - a potion of haste
 h - 2 potions of heal wounds
 k - a potion of ambrosia
 m - a potion of curing
 r - 2 potions of brilliance


   Skills:
 * Level 3.5 Fighting
 * Level 5.4 Axes
 - Level 1.7 Throwing
 * Level 2.6 Armour
 - Level 2.6 Dodging
 - Level 0.1 Stealth


You had 5 spell levels left.
You didn't know any spells.
Your spell library contained the following spells:

 Spells                   Type           Power      Damage    Failure   Level
 Static Discharge         Conj/Air       0%         N/A       73%         2
 Gell's Gravitas          Tloc           0%         N/A       91%         3
 Lesser Beckoning         Tloc           0%         N/A       91%         3
 Portal Projectile        Hex/Tloc       0%         N/A       91%         3
 Teleport Other           Tloc           0%         N/A       91%         3
 Dispel Undead            Necr           0%         3d6       100%        4
 Sticky Flame             Conj/Fire      0%         2d3       100%        4
 Blade Hands              Tmut           0%         N/A       100%        5
 Excruciating Wounds      Necr           0%         N/A       100%        5


Dungeon Overview and Level Annotations

Branches:
Dungeon (5/15)
 Temple: D:4-7

Altars:


Innate Abilities, Weirdness & Mutations

You are partially covered in slimy green scales. (AC +2)
You regenerate magic rapidly.
Spells you cast may paralyse adjacent enemies.


Message History

You slash the iguana!
You kill the iguana!
You see here an iguana corpse.
Found a ring mail.
You see here a +0 ring mail.
The orc warrior shouts!
The orc wizard shouts!
You hear a shout!
The orc wizard gestures at you while chanting.
You are confused.
You feel less confused.
You slash the orc wizard!
The orc wizard is heavily wounded.
You hit the orc warrior but do no damage.
The orc warrior hits you with a +0 halberd.
The orc wizard gestures at you while chanting.
You are confused.
You hit the orc wizard.
The orc wizard is heavily wounded.
You closely miss the orc warrior.
The orc warrior hits you with a +0 halberd!
The orc wizard hits you but does no damage.
The orc warrior closely misses you.
Unknown command.
You closely miss the orc wizard.
The orc wizard is heavily wounded.
The orc warrior closely misses you. The orc wizard closely misses you.
The orc warrior barely misses you. The orc wizard barely misses you.
You miss the orc wizard.
The orc wizard is heavily wounded.
The orc warrior hits you from afar with a +0 halberd.
The orc wizard hits you but does no damage.
You hit the orc wizard.
The orc wizard is almost dead.
You feel less confused.
The orc warrior hits you from afar with a +0 halberd!!
* * * LOW HITPOINT WARNING * * *
The orc wizard hits you but does no damage.
You hit the orc wizard.
You kill the orc wizard!
The orc warrior hits you from afar with a +0 halberd!
You die...

.# #.........# #.#
#.....# #.## .#
#.####..#.####.# #.#####
#.## .# #.# #......##.#
#.########.## .# #.#
#.##).....###.##.......##
.# #.#
#........oo...##.####..##
)###.#
######.#########.#..#..##
.....# #.# #....#..##
####.#
#.###########.##..## ###
#o)@..............##
#############.###.##
#.#<...# #.######
#....[.. #.###### ###


You could see an orc warrior.

Vanquished Creatures
  A water moccasin skeleton (D:4)
  A hound (D:4)
  An orc priest (D:5)
  3 iguanas
  2 orc wizards
  2 hound skeletons (D:4)
  6 adders
  A gnoll (D:5)
  An adder skeleton (D:4)
  2 worms
  6 orcs
  7 ball pythons
  12 bats
  3 endoplasms (D:2)
  3 giant cockroaches
  6 goblins
  4 hobgoblins
  9 jackals
  3 quokkas
  4 frilled lizards
  6 kobolds
  5 rats
88 creatures vanquished.

Notes
Turn   | Place    | Note
-------+----------+-------------------------------------------
     0 | D:1      | nicksoapdish the Demonspawn Gladiator began the quest for
                  | the Orb.
     0 | D:1      | Reached XP level 1. HP: 16/16 MP: 1/1
   155 | D:1      | Reached skill level 3 in Axes
   182 | D:1      | Gained mutation: You are partially covered in slimy green
                  | scales. (AC +2) [demonic ancestry]
   182 | D:1      | Reached XP level 2. HP: 22/22 MP: 2/2
   867 | D:1      | Reached XP level 3. HP: 28/28 MP: 3/3
  1753 | D:2      | Gained mutation: Spells you cast may paralyse adjacent
                  | enemies. [demonic ancestry]
  1753 | D:2      | Reached XP level 4. HP: 30/34 MP: 4/4
  1881 | D:2      | Reached skill level 1 in Armour
  2220 | D:3      | Reached skill level 4 in Axes
  3162 | D:4      | Gained mutation: You regenerate magic rapidly. [demonic
                  | ancestry]
  3162 | D:4      | Reached XP level 5. HP: 40/40 MP: 5/5
  3703 | D:4      | Reached skill level 5 in Axes
  3742 | D:4      | Reached XP level 6. HP: 29/47 MP: 6/6
  4191 | D:5      | Entered Level 5 of the Dungeon
  4270 | D:5      | Noticed an orc warrior
  4865 | D:5      | Slain by an orc warrior

Illustrated notes

Levels and vault maps discovered:
D:1:      dpeg_arrival_rooms_b, layout_basic
D:2:      layout_basic
D:3:      layout_loops_cross, minmay_misc_feat_ornament,
          chequers_serial_rivers_large_b
D:4:      layout_rooms, minmay_misc_feat_enclosed
D:5:      layout_basic, uniq_blork_the_orc, uniq_edmund

Skill      XL: |  1  2  3  4  5 |
---------------+----------------+-----
Axes           | 3 4 5 |  5.4
Armour         | 1 2 |  2.6
Fighting       | 3 |  3.5
Throwing       | |  1.7
Dodging        | |  2.6
Stealth        | |  0.1

Action                   |  1- 3 |  4- 6 || total
-------------------------+-------+-------++-------
Melee: War axe           |   112 |   179 ||   291
  Use: Scroll            |     5 |     1 ||     6
       Potion            |       |     4 ||     4
 Stab: Sleeping          |     1 |       ||     1
Armor: Leather armour    |    75 |     9 ||    84
       Ring mail         |       |    90 ||    90
Dodge: Dodged            |   107 |   105 ||   212
